 Dungeon Crawl Stone Soup version 0.27-a0-1182-gee19b5822f (webtiles) character file.

Game seed: 13787900489914597065

3307 DasRunzen the Ducker (level 9, -6/74 HPs)
             Began as a Demigod Gladiator on May 18, 2021.
             Mangled by a manticore (7 damage)
             ... on level 9 of the Dungeon.
             The game lasted 00:21:57 (10224 turns).

DasRunzen the Ducker (Demigod Gladiator)           Turns: 10224, Time: 00:21:58

Health: -6/74      AC:  8    Str: 19    XL:     9   Next: 43%
Magic:  15/18      EV: 16    Int: 18    God:
Gold:   144        SH:  0    Dex: 21    Spells: 9/16 levels left

rFire    . . .     SeeInvis +   u - +5 mace of Defiance {vorpal, *Noise rC++ rCorr Dex+3}
rCold    + + .     Faith    .   (no shield)
rNeg     . . .     Spirit   .   l - +2 robe of Amorality {Fly Dex+3}
rPois    .         Reflect  .   c - +0 helmet
rElec    .         Harm     .   f - +2 cloak
rCorr    +         Rampage  .   (no gloves)
Will     .....                  (no boots)
Stlth    +.........             (no amulet)
HPRegen  0.22/turn              h - ring of see invisible
MPRegen  0.16/turn              (no ring)

@: silenced, flying
A: high mp 1, forlorn
a: no special abilities


You were on level 9 of the Dungeon.
You visited 1 branch of the dungeon, and saw 9 of its levels.

You collected 454 gold pieces.
You spent 310 gold pieces at shops.

Inventory:

Hand Weapons
 a - a +0 trident
 u - the +5 mace of Defiance (weapon) {vorpal, *Noise rC++ rCorr Dex+3}
   (You bought it in a shop on level 4 of the Dungeon)

   It inflicts extra damage upon your enemies.
   It affects your dexterity (+3).
   It greatly protects you from cold.
   It may make noises in combat.
   It protects you from acid and corrosion.
Missiles
 d - 3 throwing nets (quivered)
 j - 2 curare-tipped darts
Armour
 c - a +0 helmet (worn)
 f - a +2 cloak (worn)
 l - the +2 robe of Amorality (worn) {Fly Dex+3}
   (You found it on level 4 of the Dungeon)

   It affects your dexterity (+3).
   It grants you flight.
 p - +0 steam dragon scales
Jewellery
 h - a ring of see invisible (left hand)
 n - a ring of flight
Wands
 b - a wand of polymorph (6)
 k - a wand of flame (39)
 r - a wand of iceblast (7)
Scrolls
 m - 5 scrolls of magic mapping
 o - a scroll of identify
 t - a scroll of enchant weapon {unknown}
 v - a scroll of blinking {unknown}
Potions
 e - 2 potions of flight
 g - a potion of resistance {unknown}
 i - a potion of haste


   Skills:
 + Level 5.6 Fighting
 + Level 2.2 Maces & Flails
 - Level 5.3 Polearms
 - Level 1.7 Throwing
 + Level 5.1 Armour
 + Level 5.8 Dodging
 + Level 4.1 Spellcasting
 + Level 4.6 Hexes


You had 9 spell levels left.
You knew the following spells:

 Your Spells              Type           Power      Damage    Failure   Level
a - Corona                Hex            22%        N/A       2%          1
b - Confusing Touch       Hex            20%        N/A       6%          3
c - Tukima's Dance        Hex            20%        N/A       6%          3

Your spell library contained the following spells:

 Spells                   Type           Power      Damage    Failure   Level
 Ensorcelled Hibernation  Hex/Ice        24%        N/A       9%          2
 Animate Skeleton         Necr           6%         N/A       14%         1
 Beastly Appendage        Tmut           6%         N/A       14%         1
 Pain                     Necr           12%        1d4       14%         1
 Sting                    Tmut/Pois      12%        1d3       14%         1
 Dazzling Flash           Conj/Hex       24%        N/A       17%         3
 Poisonous Vapours        Pois/Air       6%         N/A       22%         2
 Static Discharge         Conj/Air       3%         N/A       22%         2
 Wereblood                Tmut           3%         N/A       22%         2
 Ignite Poison            Fire/Tmut/Pois 3%         N/A       41%         3
 Mephitic Cloud           Conj/Pois/Air  3%         N/A       41%         3
 Spider Form              Tmut/Pois      1%         N/A       41%         3
 Vampiric Draining        Necr           1%         2d6       41%         3
 Animate Dead             Necr           1%         N/A       82%         4
 Ice Form                 Ice/Tmut       3%         N/A       82%         4
 Olgreb's Toxic Radiance  Pois           3%         N/A       82%         4
 Agony                    Necr           3%         N/A       99%         5
 Bolt of Magma            Conj/Fire/Erth 1%         4d4       99%         5
 Hydra Form               Tmut           1%         N/A       99%         5


Dungeon Overview and Level Annotations

Branches:
Dungeon (9/15)             Temple (0/1) D:6
   Lair: D:8-11         Orc: D:9-12

Shops:
D:4 *   D:6 *

Annotations:
D:6 3 runed translucent doors, miami27's ghost, novice SpEn


Innate Abilities, Weirdness & Mutations

Your attributes grow dramatically as you level up.
You have an increased reservoir of magic. (+10% MP)
You shall have no god before yourself.


Message History

The centaur struggles to resist.
The centaur closely misses you. The centaur barely misses you.
The manticore closely misses you. The manticore claws you!
The manticore misses you.
Unknown command.
You hit the centaur.
The centaur is severely wounded.
The centaur barely misses you. x2; The centaur hits you.
The centaur misses you.
The manticore bites you but does no damage.
The manticore claws you but does no damage.
The manticore barely misses you.
You barely miss the centaur.
The centaur is severely wounded.
The centaur hits you but does no damage.
The centaur kicks you but does no damage.
The manticore barely misses you.
The manticore claws you but does no damage. x2
The centaur barely misses you.
The centaur kicks you but does no damage.
You sock the centaur!
You kill the centaur!
The manticore misses you. The manticore claws you!
The manticore completely misses you. The manticore closely misses you.
The manticore claws you but does no damage.
The manticore claws you!
Unknown command.
Casting: Corona (safe; 2% risk of failure)
Confirm with . or Enter, or press ? or * to list all spells.
Aiming: Corona (safe; 2% risk of failure)
Press: ? - help, Shift-Dir - straight line, f - manticore
Aim: a manticore (chance to affect: 41%)
The manticore resists with significant effort.
The manticore bites you!!
* * * LOW HITPOINT WARNING * * *
The manticore closely misses you. The manticore claws you!
* * * LOW HITPOINT WARNING * * *
Unknown command.
As you read the scroll labelled JUOR QUTWOIPA, it crumbles to dust.
A profound silence engulfs you.
It was a scroll of silence.
The manticore bites you!
You die...

.###+##.....#
..#....)...[#######
..'........##.....##
.##..###...##......#
.##..###...##..)..# ##
............'.....# ...
.........>.##.....# ....
......###+###.....##.....
.##...# #...@).......
.####+# #####H.).....
...# ........####### ...#
/.....#.# ...# ......#.#
...# ..... #.# .### !....
#.. .### .... ### ...##
####


You could see a manticore.

Vanquished Creatures
  A yak (D:9)
  A steam dragon (D:6)
  An acid dragon (D:9)
  4 water moccasins
  A black bear (D:5)
  3 sky beasts
  An ice beast (D:6)
  2 orc warriors
  3 necrophages
  An ogre (D:7)
  A centaur (D:9)
  2 phantoms
  A kobold brigand (D:9)
  3 bullfrogs
  2 scorpions (D:4)
  A wyvern skeleton (D:7)
  A killer bee (D:9)
  4 wights (D:6)
  A howler monkey (D:7)
  A bullfrog zombie (D:6)
  4 hounds
  An orc priest (D:5)
  A centaur skeleton (D:7)
  A jelly (D:5)
  A bullfrog skeleton (D:5)
  2 iguanas
  Natasha (twice) (D:3)
  3 orc wizards
  5 adders
  2 howler monkey skeletons
  A white imp (D:7)
  2 worms
  3 dart slugs
  23 orcs
  2 bats
  5 endoplasms
  3 giant cockroaches
  5 goblins
  6 hobgoblins
  10 jackals
  10 kobolds
  4 quokkas
  7 ball pythons
  4 frilled lizards
  10 rats
152 creatures vanquished.

Vanquished Creatures (others)
  A dancing weapon (D:4)
  3 fungi (D:6)
  A plant (D:6)
5 creatures vanquished.

Grand Total: 157 creatures vanquished

Notes
Turn   | Place    | Note
-------+----------+-------------------------------------------
     0 | D:1      | DasRunzen the Demigod Gladiator began the quest for the
                  | Orb.
     0 | D:1      | Reached XP level 1. HP: 17/17 MP: 3/3
   322 | D:1      | Reached XP level 2. HP: 18/24 MP: 4/4
   701 | D:1      | Reached skill level 1 in Armour
  1086 | D:2      | Reached XP level 3. HP: 28/29 MP: 5/5
  1270 | D:2      | Identified the Compendium of Conjuration
  2125 | D:3      | Noticed Natasha
  2130 | D:3      | Killed Natasha
  2131 | D:3      | Reached XP level 4. HP: 28/37 MP: 6/6
  2236 | D:3      | Learned a level 1 spell: Corona
  2421 | D:3      | Noticed Natasha
  2425 | D:3      | Killed Natasha
  2801 | D:4      | Found Fufo's Assorted Antiques.
  2810 | D:4      | Identified the +2 robe of Amorality {Fly Dex+3}
  2846 | D:4      | Reached XP level 5. HP: 44/44 MP: 8/8
  2874 | D:4      | Reached skill level 1 in Spellcasting
  2874 | D:4      | Reached skill level 1 in Hexes
  3158 | D:4      | Noticed a necrophage
  3166 | D:4      | Killed a necrophage
  3167 | D:4      | Reached XP level 6. HP: 51/51 MP: 10/10
  3171 | D:4      | Learned a level 3 spell: Confusing Touch
  3582 | D:5      | Entered Level 5 of the Dungeon
  4788 | D:5      | Reached XP level 7. HP: 46/57 MP: 9/12
  6477 | D:6      | Found Giegesa's General Store.
  6504 | D:6      | Noticed a steam dragon
  6687 | D:6      | Found a staircase to the Ecumenical Temple.
  6829 | D:6      | Reached XP level 8. HP: 8/66 MP: 5/15
  7076 | D:6      | Learned a level 3 spell: Tukima's Dance
  7440 | D:6      | Reached skill level 5 in Polearms
  7515 | D:6      | Reached skill level 5 in Dodging
  8176 | D:6      | HP: 3/67 [steam dragon (8)]
  8479 | D:6      | Found a runed translucent gate.
  8479 | D:6      | Found a runed translucent gate.
  8481 | D:6      | Found a runed translucent gate.
  8481 | D:6      | Noticed miami27's ghost (novice SpEn)
  8879 | D:4      | Bought a slimy mace for 248 gold pieces
  8879 | D:4      | Identified the +5 mace of Defiance {vorpal, *Noise rC++
                  | rCorr Dex+3} (You bought it in a shop on level 4 of the
                  | Dungeon)
  8879 | D:4      | Bought a scroll labelled UTA IPUCUFOEXT for 31 gold pieces
  8879 | D:4      | Bought a scroll labelled DODIOQ YRIR for 31 gold pieces
  9022 | D:7      | Reached skill level 5 in Fighting
  9262 | D:7      | Reached XP level 9. HP: 72/74 MP: 17/17
  9280 | D:7      | Reached skill level 1 in Maces & Flails
  9509 | D:7      | You are sucked into a shaft and drop 2 floors!
 10083 | D:9      | Reached skill level 5 in Armour
 10218 | D:9      | Noticed a manticore
 10223 | D:9      | HP: 1/74 [manticore (7)]
 10224 | D:9      | Mangled by a manticore

Illustrated notes

Levels and vault maps discovered:
D:1:      minmay_arrival_hallway, layout_basic, ebering_ecumenical_altar_webs,
          grunt_decor_arrowhead
D:2:      layout_loops_ring, serial_glass, glass_columns_a, glass_columns_a
D:3:      layout_rooms, overflow_temple_1_default, amcnicky_altar_gilded,
          old_standard_altar, nicolae_overflow_crystal_walls, serial_curves,
          eino_curves_01, eino_curves_01, eino_curves_02, eino_curves_04,
          minivault_27, uniq_natasha
D:4:      layout_rooms, lemuel_round_altar, serial_shops,
          nicolae_shop_window_shopping, chequers_jeans
D:5:      layout_loops_ring, nicolae_overflow_hidden_temple,
          vehumet_altar_wand_db, trog_butcher_becter, kennysheep_mini,
          minivault_1, amethyst_killhole, guppyfry_early_orc_mine
D:6:      layout_loops_corners, lemuel_doored_altar, lemuel_crystal_altar,
          minmay_temple_entry_grid, gammafunk_ghost_nasty_kobolds, serial_shops,
          nicolae_shop_waterfront, grunt_decor_cap,
          minmay_fractal_squares_gapless_5
D:7:      layout_rooms, lemuel_coloured_pillars_altar
D:8:      layout_cave_pools, grunt_temple_overflow_open, serial_undead,
          serial_undead_f, serial_undead_d, serial_undead_d, serial_undead_d,
          serial_undead_a, serial_undead_f, serial_undead_b, serial_undead_e,
          serial_undead_f, serial_undead_b, uniq_harold
D:9:      minmay_clustersquares, layout_gridville,
          nicolae_dithmenos_the_darkroom

Skill      XL: |  1  2  3  4  5  6  7  8  9 |
---------------+----------------------------+-----
Fighting       | 2 3 4 5 |  5.6
Armour         | 1 2 3 4 5 |  5.1
Dodging        | 3 4 5 |  5.8
Polearms       | 3 4 5 |  5.3
Spellcasting   | 1 2 3 4 |  4.1
Hexes          | 1 2 3 4 |  4.6
Maces & Flails | 2 |  2.2
Throwing       | |  1.7

Action                   |  1- 3 |  4- 6 |  7- 9 || total
-------------------------+-------+-------+-------++-------
Melee: Trident           |   126 |   224 |   267 ||   617
       Mace              |       |       |    83 ||    83
 Cast: Corona            |       |    10 |    55 ||    65
       Confusing Touch   |       |       |     3 ||     3
       Tukima's Dance    |       |       |     1 ||     1
Evoke: Wand              |       |       |     1 ||     1
  Use: Scroll            |     5 |     4 |     6 ||    15
       Potion            |       |       |     7 ||     7
 Stab: Sleeping          |     2 |     3 |     2 ||     7
       Confused          |       |       |     2 ||     2
Armor: Leather armour    |    28 |    20 |       ||    48
       Robe              |       |    37 |   132 ||   169
Dodge: Dodged            |    59 |   151 |   282 ||   492

Table legend: (Time is in decaauts)
 A = Elapsed time spent in this place.
 B = Non-inter-level travel time spent in this place.
 C = Inter-level travel time spent in this place.
 D = Time resting spent in this place.
 E = Time spent auto-exploring this place.
 F = Levels seen in this place.
 G = Mean time per level.
                   A        B        C        D        E       F      G
               +--------+--------+--------+--------+--------+-----+--------+
         Total |  10317 |  10060 |    257 |   2971 |   5368 |   9 | 1146.3 |
       Dungeon |  10317 |  10060 |    257 |   2971 |   5368 |   9 | 1146.3 |
               +--------+--------+--------+--------+--------+-----+--------+

Top non-repeatable levels by time:
     D:6: 3022 daAuts
     D:5: 1748 daAuts
     D:4: 1448 daAuts
     D:3: 1132 daAuts
     D:1: 1046 daAuts
     D:9: 719 daAuts
     D:2: 653 daAuts
     D:7: 537 daAuts
     D:8: 10 daAuts
